 Dungeon Crawl Stone Soup version 0.21.1-1-g345015f (webtiles) character file.

176 letownia3 the Conjurer (level 5, 28/35 HPs)
             Began as a Demonspawn Wizard on Feb 6, 2018.
             Quit the game on level 4 of the Dungeon on Feb 7, 2018.
             The game lasted 00:04:11 (1542 turns).

letownia3 the Conjurer (Demonspawn Wizard)          Turns: 1542, Time: 00:04:12

Health: 28/35      AC:  5    Str:  8    XL:     5   Next: 30%
Magic:  6/18       EV: 11    Int: 19    God:
Gold:   150        SH:  0    Dex: 12    Spells: 3/10 levels left

rFire    . . .     SeeInvis .   j - +0 dagger
rCold    . . .     Gourm    .   (no shield)
rNeg     . . .     Faith    +   r - +0 ring mail
rPois    .         Spirit   .   b - +0 hat
rElec    .         Reflect  .   (no cloak)
rCorr    .         Harm     .   (no gloves)
MR       .....     Rnd*Tele +   (no boots)
Stlth    +.........             f - amulet of faith
HPRegen  0.11/turn              g - ring of magical power
MPRegen  0.16/turn              q - ring of teleportation (curse)

@: no status effects
A: hooves 1, sturdy frame 2
a: no special abilities


You were on level 4 of the Dungeon.
You were not hungry.

You visited 1 branch of the dungeon, and saw 4 of its levels.

You collected 150 gold pieces.

Inventory:

Hand Weapons
 h - a +0 dagger
 j - a +0 dagger (weapon)
Armour
 a - a +0 robe
 b - a +0 hat (worn)
 m - a +0 scale mail
 r - a +0 ring mail (worn)
Jewellery
 f - an amulet of faith (around neck)
 g - a ring of magical power (left hand)
 q - a cursed ring of teleportation (right hand)
 s - an uncursed ring of resist corrosion {unknown}
Scrolls
 e - a scroll of amnesia {unknown}
 l - 2 scrolls of magic mapping {unknown}
 n - 2 scrolls of identify {unknown}
 o - 3 scrolls of noise {unknown}
 p - a scroll of remove curse {unknown}
 u - a scroll of fear {unknown}
 v - a scroll of blinking {unknown}
Potions
 i - a potion of degeneration {unknown}
 k - 2 potions of brilliance {unknown}
Books
 c - a book of Minor Magic

   Spells                             Type                      Level
   a - Magic Dart                     Conjuration                  1
   b - Blink                          Translocation                2
   c - Call Imp                       Summoning                    2
   d - Slow                           Hexes                        2
   e - Conjure Flame                  Conjuration/Fire             3
   f - Mephitic Cloud                 Conjuration/Poison/Air       3
Comestibles
 d - 3 rations
 t - 5 chunks of flesh


   Skills:
 - Level 1.7 Dodging
 - Level 1.7 Stealth
 - Level 3.0 Spellcasting
 + Level 3.8 Conjurations
   Level 1.0 Summonings
   Level 0.8 Translocations
 + Level 1.6 Fire Magic
 + Level 1.4 Air Magic
 + Level 1.7 Poison Magic


You had 3 spell levels left.
You knew the following spells:

 Your Spells              Type           Power        Failure   Level  Hunger
a - Magic Dart            Conj           ###.         3%          1    None
c - Conjure Flame         Conj/Fire      ##......     19%         3    ###....
e - Mephitic Cloud        Conj/Pois/Air  ##......     22%         3    ###....


Dungeon Overview and Level Annotations

Branches:
Dungeon (4/15)
 Temple: D:4-7

Altars:
Nemelex Xobeh

Annotations:
D:3 Agrougrou's ghost, amateur DsFi


Innate Abilities, Weirdness & Mutations

You have large cloven feet.
Your movements are less encumbered by armour. (ER -4)


Message History

Aim: an ogre, wielding a giant club (almost dead, confused)
The magic dart hits the ogre.
You kill the ogre!
Your Air Magic skill increases to level 1!
You have reached level 5!
Your demonic ancestry asserts itself...
Your feet thicken and deform.
The jackal bites you but does no damage.
Casting: Magic Dart
Confirm with . or Enter, or press ? or * to list all spells.
Aiming: Magic Dart
Press: ? - help, Shift-Dir - straight line, f - jackal
Aim: a jackal The magic dart hits the jackal.
The jackal is moderately wounded.
The jackal bites you but does no damage.
A jackal comes into view.
Assign waypoint to what number? (0-9)
Okay, then.
Are you sure you want to abandon this character and quit the game? (Confirm with "yes".)

#########
###.......#####
#.............#.
##.........$...h.
#.........)......
#!.......h..h....
#........@.).....
#............†....
#.................
#.................
##................
#................
##..............#
########.#######


You could see 3 jackals.

Vanquished Creatures
  An ogre (D:4)
  5 adders
  An ooze (D:1)
  A worm (D:3)
  2 leopard geckos
  2 ball pythons (D:4)
  3 bats
  3 giant cockroaches
  3 goblins
  4 hobgoblins
  3 jackals (D:2)
  2 quokkas (D:2)
  3 frilled lizards
  2 kobolds (D:1)
  4 rats
39 creatures vanquished.

Notes
Turn   | Place    | Note
-------+----------+-------------------------------------------
     0 | D:1      | letownia3 the Demonspawn Wizard began the quest for the Orb.
     0 | D:1      | Reached XP level 1. HP: 13/13 MP: 4/4
    99 | D:2      | Noticed a phantom
   222 | D:1      | Gained mutation: Your movements are slightly less encumbered by armour. (ER -2) [demonic ancestry]
   222 | D:1      | Reached XP level 2. HP: 4/19 MP: 6/6
   565 | D:2      | Found a sparkling altar of Nemelex Xobeh.
   962 | D:2      | Gained mutation: Your movements are less encumbered by armour. (ER -4) [demonic ancestry]
   962 | D:2      | Reached XP level 3. HP: 24/24 MP: 7/7
   970 | D:2      | Learned a level 3 spell: Mephitic Cloud
   974 | D:2      | Learned a level 3 spell: Conjure Flame
  1039 | D:3      | Noticed Agrougrou's ghost (amateur DsFi)
  1388 | D:4      | Reached XP level 4. HP: 30/30 MP: 8/8
  1511 | D:4      | Reached skill level 1 in Poison Magic
  1512 | D:4      | Reached skill level 1 in Fire Magic
  1532 | D:4      | Noticed an ogre
  1540 | D:4      | Killed an ogre
  1540 | D:4      | Reached skill level 1 in Air Magic
  1540 | D:4      | Gained mutation: You have large cloven feet. [demonic ancestry]
  1540 | D:4      | Reached XP level 5. HP: 28/35 MP: 7/9
  1542 | D:4      | Quit the game

Skill      XL: |  1  2  3  4 |
---------------+-------------+-----
Conjurations   | 2 3 |  3.8
Poison Magic   | 1 |  1.7
Fire Magic     | 1 |  1.6
Air Magic      | 1 |  1.4
Dodging        | |  1.7
Stealth        | |  1.7
Spellcasting   | |  3.0
Summonings     | |  1.0
Translocations | |  0.8

Action                   |  1- 3 |  4- 6 || total
-------------------------+-------+-------++-------
Melee: Dagger            |     3 |     3 ||     6
 Cast: Magic Dart        |    78 |    26 ||   104
       Mephitic Cloud    |       |     1 ||     1
  Eat: Chunk             |     1 |     1 ||     2
Armor: Scale mail        |    10 |       ||    10
       Ring mail         |     3 |     5 ||     8
Dodge: Dodged            |    16 |     8 ||    24
